 Dungeon Crawl Stone Soup version 0.30-a0-1155-gf8af5b4991 (webtiles) character file.

Game seed: 2518339403517293303

78 FlurksSlurper the Sneak (level 4, 0/33 HPs)
             Began as a Demonspawn Brigand on Apr 24, 2023.
             Slain by a goblin
             ... wielding a +0 club
             ... led by Robin
              (2 damage)
             ... on level 3 of the Dungeon.
             The game lasted 00:04:37 (1762 turns).

FlurksSlurper the Sneak (Demonspawn Brigand)        Turns: 1762, Time: 00:04:38

Health: 0/33       AC:  5    Str: 14    XL:     4   Next: 15%
Magic:  7/7        EV: 11    Int: 20    God:
Gold:   142        SH:  9    Dex: 15    Spells: 7/7 levels left

rFire   . . .        a - +2 mace "Bipymidynk" {freeze, rC+ Str+3 Int+6}
rCold   + . .        f - +2 kite shield
rNeg    . . .        b - +0 robe
rPois   .            p - +0 helmet
rElec   .            c - +0 cloak
rCorr   .            (no gloves)
SInv    .            i - +0 pair of boots
Will    .....        (no amulet)
Stlth   +++          (no ring)
HPRegen 1.25/turn    (no ring)
MPRegen 0.10/turn

%: no passive effects
@: no status effects
A: repulsion field 1, powered by death 1, demonic magic 1
a: no special abilities


You were on level 3 of the Dungeon.
You visited 1 branch of the dungeon, and saw 3 of its levels.

You collected 142 gold pieces.

Inventory:

Hand Weapons
 a - the +2 mace "Bipymidynk" (weapon) {freeze, rC+ Str+3 Int+6}
   (You found it on level 2 of the Dungeon)

   Str:       It affects your strength (+3).
   Int:       It affects your intelligence (+6).
   rC:        It protects you from cold.
 l - a +2 dagger
Missiles
 d - 15 poisoned darts (quivered)
 e - 3 curare-tipped darts
 n - 2 boomerangs
 r - 6 atropa-tipped darts
Armour
 b - a +0 robe (worn)
 c - a +0 cloak (worn)
 f - a +2 kite shield (worn)
 i - a +0 pair of boots (worn)
 p - a +0 helmet (worn)
Scrolls
 g - 2 scrolls of teleportation {unknown}
 j - a scroll of identify {unknown}
 o - a scroll of enchant armour {unknown}
 q - a scroll of summoning {unknown}
Potions
 h - 2 potions of curing
 k - a potion of brilliance {unknown}
 m - a potion of cancellation {unknown}


   Skills:
 + Level 2.2 Fighting
 - Level 1.7 Short Blades
 - Level 1.7 Throwing
 - Level 0.8 Dodging
 + Level 4.3 Stealth
 + Level 0.9 Shields
 * Level 2.1 Spellcasting


You had 7 spell levels left.
You didn't know any spells.
Your spell library was empty.

Dungeon Overview and Level Annotations

Branches:
Dungeon (3/15)

Altars:

Annotations:
D:3 Grinder, Robin


Innate Abilities, Weirdness & Mutations

You are surrounded by a mild repulsion field. (EV +2)
You regenerate a little health from kills.
Spells you cast may paralyse adjacent enemies.


Message History

The goblin no longer looks unusually strong.
The goblin hits you but does no damage. The goblin barely misses you. x2
You block the goblin's attack.
You hit the goblin. You freeze the goblin.
You kill the goblin!
Robin roars a battlecry!
The goblins go into a battle-frenzy!
The goblin hits you with a +0 club. The goblin closely misses you.
You block the goblin's attack.
You hit the goblin. You freeze the goblin.
You kill the goblin!
The goblin misses you.
Things that are here:
a +0 dagger; a +0 club; a goblin corpse
Found a ring mail.
Found a stone staircase leading down.
Robin throws the goblin at you!
Found a ring mail.
You hit the goblin. You freeze the goblin.
You kill the goblin!
The goblin barely misses you. You block the goblin's attack.
You hit the goblin. You freeze the goblin.
You kill the goblin!
Robin throws the goblin at you! You block the goblin's attack.
You hit the hobgoblin but do no damage.
The hobgoblin is heavily wounded.
You block the goblin's attack. The hobgoblin barely misses you.
You block the goblin's attack. The goblin hits you but does no damage.
You closely miss the goblin.
Robin says, "A pitiful Demonspawn like you will never find the ORB!"
You block Robin's attack. The hobgoblin closely misses you.
The goblin hits you with a +0 club. x2
Robin hits you from afar with a +1 heavy spear!
The goblin hits you with a +0 club. The hobgoblin hits you.
* * * LOW HITPOINT WARNING * * *
The goblin hits you with a +0 club.
* * * LOW HITPOINT WARNING * * *
The hobgoblin attacks as you move away! The hobgoblin hits you.
* * * LOW HITPOINT WARNING * * *
The goblin attacks as you move away! The goblin hits you with a +0 club.
You die...

#...<....##.#.......##
########....##....#..#
####.......##.#####.....
#.##..#..ggg..##..... #
##.##...#g.#......
#g####.g..$...... #g#
##...g....g.
###.###g####...........
#.>...@g...............
.[.....g...............<
##........[............h
#.....................g
#....................>.
#.#.........#........#.
#.#....................
# .........[.. .......g
........


You could see Robin, 2 hobgoblins and 2 goblins.

Vanquished Creatures
  An adder (D:2)
  A worm (D:2)
  3 endoplasms
  5 giant cockroaches
  13 goblins
  7 hobgoblins
  2 jackals
  5 kobolds
  3 quokkas
  8 ball pythons
  5 bats
  3 frilled lizards
  2 rats
58 creatures vanquished.

Notes
Turn   | Place    | Note
-------+----------+-------------------------------------------
     0 | D:1      | FlurksSlurper the Demonspawn Brigand began the quest for
                  | the Orb.
     0 | D:1      | Reached XP level 1. HP: 16/16 MP: 1/1
    51 | D:1      | Reached skill level 1 in Spellcasting
    90 | D:1      | Gained mutation: Spells you cast may paralyse adjacent
                  | enemies. [demonic ancestry]
    90 | D:1      | Reached XP level 2. HP: 22/22 MP: 4/4
   430 | D:1      | You fall into a shaft and drop 1 floor!
   456 | D:2      | Identified the +2 mace "Bipymidynk" {freeze, rC+ Str+3
                  | Int+6}
   917 | D:1      | Reached skill level 4 in Stealth
   977 | D:1      | Gained mutation: You regenerate a little health from kills.
                  | [demonic ancestry]
   977 | D:1      | Reached XP level 3. HP: 27/27 MP: 5/5
  1597 | D:3      | Noticed Robin
  1597 | D:3      | Noticed Grinder
  1693 | D:3      | Gained mutation: You are surrounded by a mild repulsion
                  | field. (EV +2) [demonic ancestry]
  1693 | D:3      | Reached XP level 4. HP: 25/33 MP: 7/7
  1762 | D:3      | Slain by a goblin

Illustrated notes

Levels and vault maps discovered:
D:1:      tarquinn_simple_flora_water_a, layout_loops_ring
D:2:      layout_loops_corners, minmay_randomly_rotated_circles
D:3:      layout_rooms, chequers_decorated_corner, uniq_robin, uniq_grinder

Skill      XL: |  1  2  3 |
---------------+----------+-----
Spellcasting   | 1 2 |  2.1
Stealth        | 4 |  4.3
Fighting       | |  2.2
Short Blades   | |  1.7
Throwing       | |  1.7
Dodging        | |  0.8
Shields        | |  0.9

Action                     |  1- 3 |  4- 6 || total
---------------------------+-------+-------++-------
  Melee: Dagger            |    41 |       ||    41
         Mace              |    89 |    16 ||   105
  Throw: Dart              |     6 |       ||     6
    Use: Potion            |       |     1 ||     1
   Stab: Sleeping          |    15 |       ||    15
 Armour: Robe              |    51 |    10 ||    61
  Dodge: Dodged            |    71 |    17 ||    88
  Block: Kite shield       |    82 |    19 ||   101

Table legend: (Time is in decaauts)
 A = Elapsed time spent in this place.
 B = Non-inter-level travel time spent in this place.
 C = Inter-level travel time spent in this place.
 D = Time resting spent in this place.
 E = Time spent auto-exploring this place.
 F = Levels seen in this place.
 G = Mean time per level.
                   A        B        C        D        E       F      G
               +--------+--------+--------+--------+--------+-----+--------+
         Total |   1830 |   1709 |    121 |      0 |   1125 |   3 |  610.0 |
       Dungeon |   1830 |   1709 |    121 |      0 |   1125 |   3 |  610.0 |
               +--------+--------+--------+--------+--------+-----+--------+

Top non-repeatable levels by time:
     D:2: 952 daAuts
     D:1: 764 daAuts
     D:3: 113 daAuts
